 Dungeon Crawl Stone Soup version 0.31-a0-18-gea43df2a32 (webtiles) character file.

Game seed: 9883196458411115092

2 BlueFish the Sneak (level 1, 0/19 HPs)
             Began as a Draconian Delver on May 13, 2023.
             Slain by an ufetubus (2 damage)
             ... on level 4 of the Dungeon.
             The game lasted 00:00:42 (58 turns).

BlueFish the Sneak (Draconian Delver)                 Turns: 58, Time: 00:00:43

Health: 0/19       AC:  4    Str: 14    XL:     1   Next: 25%
Magic:  1/1        EV: 12    Int: 10    God:
Gold:   0          SH:  0    Dex: 12    Spells: 0/0 levels left

rFire   . . .        a - +0 short sword
rCold   . . .        (no shield)
rNeg    . . .        (body armour unavailable)
rPois   .            (helmet restricted)
rElec   .            (no cloak)
rCorr   .            (no gloves)
SInv    .            (no boots)
Will    .....        (no amulet)
Stlth   +++          (no ring)
HPRegen 0.23/turn    (no ring)
MPRegen 0.07/turn

%: no passive effects
@: no status effects
A: AC +4, unfitting armour, cold-blooded
a: no special abilities


You were on level 4 of the Dungeon.
You visited 1 branch of the dungeon, and saw 2 of its levels.

Inventory:

Hand Weapons
 a - a +0 short sword (weapon)
Wands
 f - a wand of digging (2)
Scrolls
 b - a scroll of fog
 c - a scroll of magic mapping
 d - a scroll of fear
Potions
 e - a potion of haste
 g - a potion of heal wounds {unknown}
 h - a potion of mutation {unknown}


   Skills:
 * Level 3.3 Fighting
 + Level 2.0 Short Blades
 + Level 1.8 Dodging
 + Level 4.5 Stealth
 + Level 0.0 Evocations


You couldn't memorise any spells.
You didn't know any spells.
Your spell library was empty.

Dungeon Overview and Level Annotations

Branches:
Dungeon (5/15)
 Temple: D:4-7

Altars:


Innate Abilities, Weirdness & Mutations

Your plain brown scales are hard. (AC +4)
You cannot fit into any form of body armour.
You are cold-blooded and may be slowed by cold attacks.


Message History

You hit the orc but do no damage.
The orc is severely wounded.
The orc hits you but does no damage.
You hit the orc.
The orc is almost dead.
The orc barely misses you.
You closely miss the orc.
The orc is almost dead.
The orc barely misses you.
You hit the orc.
You kill the orc!
You closely miss the orc.
Your tail-slap misses the orc.
The orc hits you with a +0 short sword.
You barely miss the orc. The orc closely misses you.
You hit the orc.
The orc is severely wounded.
The orc hits you with a +0 short sword. The orc attacks as you move away!
The orc hits you with a +0 short sword. The orc attacks as you move away!
The orc hits you but does no damage.
Found a falchion.
An ufetubus comes into view.
The orc attacks as you move away! The orc hits you but does no damage.
The ufetubus shouts!
The ufetubus hits you.
The ufetubus hits you but does no damage. x2
The ufetubus hits you.
* * * LOW HITPOINT WARNING * * *
You hit the ufetubus but do no damage. The ufetubus closely misses you.
The ufetubus hits you.
* * * LOW HITPOINT WARNING * * *
The orc barely misses you.
Okay, then.
Okay, then.
Aiming: Dig
Press: ? - help, Shift-Dir - straight line A rock wall.
The rock shatters into small pieces.
The ufetubus hits you but does no damage.
The ufetubus misses you. The orc barely misses you. The ufetubus hits you.
You die...

######## #......#
############....).#
.....)5@o.o....>..#
.......#####......#
#####.# ####.###
#.. #)# #.#
#.####### #.#
#o......# ..#
#.####.## .. #.###
#.#.#


You could see 2 orcs and an ufetubus.

Vanquished Creatures
  An orc (D:4)
1 creature vanquished.

Notes
Turn   | Place    | Note
-------+----------+-------------------------------------------
     0 | D:5      | BlueFish the Draconian Delver began the quest for the Orb.
     0 | D:5      | Reached XP level 1. HP: 19/19 MP: 1/1
    25 | D:4      | Noticed an orc wizard
    58 | D:4      | Slain by an ufetubus

Illustrated notes

Levels and vault maps discovered:
D:4:      wander_river, layout_basic, zin_scriptorium,
          minmay_temple_entry_stoned_glass, uniq_eustachio, uniq_robin
D:5:      layout_loops_ring, minmay_crystal_water, nicolae_alphabet_shops

Action                     || total
---------------------------++-------
  Melee: Short sword       ||    10
  Evoke: Wand              ||     1
 Armour: Skin              ||     7
  Dodge: Dodged            ||    10

Table legend: (Time is in decaauts)
 A = Elapsed time spent in this place.
 B = Non-inter-level travel time spent in this place.
 C = Inter-level travel time spent in this place.
 D = Time resting spent in this place.
 E = Time spent auto-exploring this place.
 F = Levels seen in this place.
 G = Mean time per level.
                   A        B        C        D        E       F      G
               +--------+--------+--------+--------+--------+-----+--------+
         Total |     56 |     56 |      0 |      0 |      0 |   2 |   28.0 |
       Dungeon |     56 |     56 |      0 |      0 |      0 |   2 |   28.0 |
               +--------+--------+--------+--------+--------+-----+--------+

Top non-repeatable levels by time:
     D:4: 49 daAuts
     D:5: 7 daAuts
